 Dungeon Crawl Stone Soup version 0.25.1-2-g60ff931df9 (webtiles) character file.

Game seed: 2247357589806438974

49 DildoBatman the Magician (level 4, -6/30 HPs)
             Began as a Formicid Wizard on Sept 5, 2020.
             Mangled by a worm (7 damage)
             ... on level 2 of the Dungeon.
             The game lasted 00:02:21 (1230 turns).

DildoBatman the Magician (Formicid Wizard)          Turns: 1230, Time: 00:02:21

Health: -6/30      AC:  2    Str: 12    XL:     4   Next: 2%
Magic:  3/8        EV: 12    Int: 18    God:
Gold:   56         SH:  0    Dex:  9    Spells: 8/9 levels left

rFire    . . .     SeeInvis +   a - +1 dagger (protect)
rCold    . . .     Gourm    .   (no shield)
rNeg     . . .     Faith    .   l - +0 robe
rPois    +         Spirit   .   (helmet unavailable)
rElec    .         Reflect  .   (no cloak)
rCorr    .         Harm     .   (no gloves)
MR       .....                  (no boots)
Stlth    ++........             (no amulet)
HPRegen  0.10/turn              g - ring of poison resistance
MPRegen  0.11/turn              (no ring)

@: no status effects
A: permanent stasis, dig shafts and tunnels, four strong arms, antennae 3
a: Dig, Shaft Self


You were on level 2 of the Dungeon.
You were not hungry.

You visited 1 branch of the dungeon, and saw 2 of its levels.

You collected 56 gold pieces.

Inventory:

Hand Weapons
 a - a +1 dagger of protection (weapon)
Missiles
 b - 41 sling bullets
 d - 65 stones (quivered)
 i - 24 arrows
Armour
 l - a +0 robe (worn)
Jewellery
 g - a ring of poison resistance (left hand)
Scrolls
 e - a scroll of amnesia {unknown}
 f - a scroll of immolation {unknown}
 m - a scroll of magic mapping {unknown}
 n - a scroll of random uselessness {unknown}
Potions
 h - a potion of curing {unknown}
 j - 2 potions of magic {unknown}
 k - a potion of lignification {unknown}
Comestibles
 c - 4 chunks of flesh
 v - 2 rations


   Skills:
 - Level 1.7 Dodging
 - Level 2.4 Stealth
 - Level 3.2 Spellcasting
 * Level 3.2 Conjurations
   Level 1.0 Summonings
   Level 0.8 Translocations


You had 8 spell levels left.
You knew the following spells:

 Your Spells              Type           Power        Failure   Level  Hunger
c - Magic Dart            Conj           ##..         4%          1    None

Your spell library contained the following spells:

 Spells                   Type           Power        Failure   Level  Hunger
 Call Imp                 Summ           #.......     16%         2    ##.....
 Slow                     Hex            #.......     24%         2    ##.....
 Conjure Flame            Conj/Fire      #.......     24%         3    ###....
 Mephitic Cloud           Conj/Pois/Air  #.......     30%         3    ###....
 Blink                    Tloc           Unusable     N/A         2    N/A

Dungeon Overview and Level Annotations

Branches:
Dungeon (2/15)

Altars:


Innate Abilities, Weirdness & Mutations

You cannot be hasted, slowed, berserked, paralysed or teleported.
You can dig through walls and to a lower floor.
Your four strong arms can wield two-handed weapons with a shield.
You have a pair of large antennae on your head. (SInv)


Message History

Anything else - Cancel.
You shout for attention!
What are your orders? t - Shout!
Orders for allies: a - Attack new target. r - Retreat! s - Stop attacking. g - Guard the area. f - Follow me.
Anything else - Cancel.
You shout for attention!
The worm barely misses you. What are your orders? t - Shout!
Orders for allies: a - Attack new target. r - Retreat! s - Stop attacking. g - Guard the area. f - Follow me.
Anything else - Cancel.
You shout for attention!
The adder bites you. The worm bites you!
You die...

#.##......#
#.#..#
######.#########
#.#..# #......#
#.#..# #......#
#.#... #.....##
#.##.# #.....#
#....#
##'#####+###
######
#.##..S...#
#....@w...#
#.##......#
#.##.........
#.##.......##
#.##.......#
#)##.......#
#.##.....$...
#.##.........


You could see a worm and an adder.

Vanquished Creatures
  2 adders (D:2)
  A worm (D:2)
  2 dart slugs (D:1)
  A leopard gecko (D:2)
  2 giant cockroaches
  5 goblins
  A hobgoblin (D:2)
  4 kobolds
  A bat (D:1)
  A frilled lizard (D:1)
  5 rats
25 creatures vanquished.

Notes
Turn   | Place    | Note
-------+----------+-------------------------------------------
     0 | D:1      | DildoBatman the Formicid Wizard began the quest for the
                  | Orb.
     0 | D:1      | Reached XP level 1. HP: 13/13 MP: 4/4
    21 | D:1      | Reached skill level 1 in Conjurations
   261 | D:1      | Reached XP level 2. HP: 15/19 MP: 3/6
   883 | D:2      | Reached XP level 3. HP: 24/24 MP: 5/7
  1220 | D:2      | Reached XP level 4. HP: 4/30 MP: 2/8
  1230 | D:2      | HP: 1/30 [adder (1)]
  1230 | D:2      | Mangled by a worm

Illustrated notes

Levels and vault maps discovered:
D:1:      dpeg_arrival_line_fractal, layout_loops_cross
D:2:      layout_basic, uniq_robin

Skill      XL: |  1  2  3 |
---------------+----------+-----
Conjurations   | 1 2 3 |  3.2
Dodging        | |  1.7
Stealth        | |  2.4
Spellcasting   | |  3.2
Summonings     | |  1.0
Translocations | |  0.8

Action                   |  1- 3 |  4- 6 || total
-------------------------+-------+-------++-------
Melee: Unarmed           |    27 |       ||    27
       Short sword       |     8 |       ||     8
       Dagger            |    18 |     1 ||    19
 Cast: Magic Dart        |    58 |       ||    58
 Abil: Dig               |       |     1 ||     1
  Eat: Chunk             |     1 |       ||     1
Armor: Robe              |    13 |       ||    13
Dodge: Dodged            |    40 |     2 ||    42
